 Dungeon Crawl Stone Soup version 0.24-a0-537-g2d01d4ab0a (webtiles) character file.

Game seed: 12883568431149781765

46 Kae the Poker (level 3, -1/27 HPs)
             Began as a Merfolk Gladiator on Aug 14, 2019.
             Slain by an adder (2 damage)
             ... on level 1 of the Dungeon.
             The game lasted 00:00:48 (1053 turns).

Kae the Poker (Merfolk Gladiator)                   Turns: 1053, Time: 00:00:49

Health: -1/27      AC:  4    Str: 15    XL:     3   Next: 68%
Magic:  3/3        EV: 14    Int:  7    God:
Gold:   41         SH:  0    Dex: 15    Spells: 2/2 levels left

rFire    . . .     SeeInvis .   a - +0 trident
rCold    . . .     Gourm    .   (no shield)
rNeg     . . .     Faith    .   b - +0 leather armour
rPois    .         Spirit   .   c - +0 helmet
rElec    .         Reflect  .   (no cloak)
rCorr    .         Harm     .   (no gloves)
MR       .....                  (no boots)
Stlth    +.........             (no amulet)
HPRegen  0.09/turn              (no ring)
MPRegen  0.08/turn              (no ring)

@: lethally poisoned (-1 -> -3)
A: change form in water, swift swim, stealthy swim
a: no special abilities


You were on level 1 of the Dungeon.
You were hungry.

You visited 1 branch of the dungeon, and saw 2 of its levels.

You collected 41 gold pieces.

Inventory:

Hand Weapons
 a - a +0 trident (weapon)
Missiles
 d - 3 throwing nets (quivered)
Armour
 b - a +0 leather armour (worn)
 c - a +0 helmet (worn)
Scrolls
 e - 2 scrolls of identify {unknown}
 h - a scroll of blinking {unknown}
Comestibles
 f - 4 rations


   Skills:
 - Level 2.1 Fighting
 + Level 6.6 Polearms
 - Level 2.0 Throwing
 - Level 4.0 Dodging


You had 2 spell levels left.
You didn't know any spells.
Your spell library was empty.

Dungeon Overview and Level Annotations

Branches:
Dungeon (2/15)

Altars:
Vehumet

Annotations:
D:2 1 runed translucent door, Crazy Yiuf, Sigmund


Message History

* * * LOW HITPOINT WARNING * * *
You feel sick. The adder barely misses you. x2
You aren't carrying any potions.
You completely miss the adder.
The adder is almost dead.
The adder closely misses you.
You barely miss the adder.
The adder is almost dead.
The adder barely misses you.
You barely miss the adder.
The adder is almost dead.
The adder completely misses you.
You barely miss the adder.
The adder is almost dead.
The adder bites you but does no damage. The adder closely misses you.
You closely miss the adder.
The adder is almost dead.
* * * LOW HITPOINT WARNING * * *
You feel sick. The adder bites you.
You die...

...## .... #. #..####### .
###. #........### ##. ....###
#.####.....## ...
.....###.....@.÷...########...
#..........S................
#.......###########.........
#....#################......
#...## ###.......### ##...##
##..## #...........## ##..##
#####...# ....##'##....##
#..## ......†.# .
####.####...# #.)## #####..##
##.......##[.####.##


You could see an adder.

Vanquished Creatures
  3 adders (D:2)
  2 worms (D:2)
  3 bats
  2 goblins (D:2)
  A ball python (D:1)
  2 frilled lizards
  2 kobolds (D:2)
  4 rats (D:2)
19 creatures vanquished.

Vanquished Creatures (others)
  A worm (D:2)
  A rat (D:2)
2 creatures vanquished.

Grand Total: 21 creatures vanquished

Notes
Turn   | Place    | Note
-------+----------+-------------------------------------------
     0 | D:1      | Kae the Merfolk Gladiator began the quest for the Orb.
     0 | D:1      | Reached XP level 1. HP: 16/16 MP: 1/1
   103 | D:1      | You fall into a shaft and drop 1 floor!
   114 | D:2      | Reached skill level 5 in Polearms
   137 | D:2      | Reached XP level 2. HP: 19/22 MP: 2/2
   192 | D:2      | Found a radiant altar of Vehumet.
   367 | D:2      | HP: 1/22 [poisoned by an adder]
   702 | D:2      | Reached skill level 6 in Polearms
   702 | D:2      | Reached XP level 3. HP: 27/27 MP: 3/3
   720 | D:2      | Found a runed translucent door.
   721 | D:2      | Noticed Crazy Yiuf
  1027 | D:2      | Noticed Sigmund
  1053 | D:1      | HP: 1/27 [poisoned by an adder]
  1053 | D:1      | Slain by an adder

Levels and vault maps discovered:
D:1:      dpeg_arrival_concentric_ovals, layout_loops_ring,
          minmay_misc_feat_tower, chequers_serial_rivers_room_b
D:2:      layout_loops_ring, fiery_altar_vehumet, feat_on_display, uniq_jessica,
          uniq_sigmund, uniq_crazy_yiuf_cottage

Skill      XL: |  1  2 |
---------------+-------+-----
Polearms       | 5 6 |  6.6
Fighting       | |  2.1
Throwing       | |  2.0
Dodging        | |  4.0

Action                   || total
-------------------------++-------
Melee: Trident           ||    93
  Use: Potion            ||     1
Armor: Leather armour    ||    19
Dodge: Dodged            ||    60

Table legend:
 A = Non-vault XP
 B = Vault XP
 C = Vault XP percentage of total XP
 D = Non-vault monster count
 E = Vault monster count
 F = Vault count percentage of total count
                 A         B        C        D         E       F
            +---------+---------+-------+---------+---------+-------
      Total |      67 |       0 |   0.0 |      19 |       0 |   0.0
            +---------+---------+-------+---------+---------+-------
        D:1 |       4 |       0 |   0.0 |       3 |       0 |   0.0
        D:2 |      63 |       0 |   0.0 |      16 |       0 |   0.0
            +---------+---------+-------+---------+---------+-------
